 Dungeon Crawl Stone Soup version 0.26-a0-188-ga22346179c (webtiles) character file.

Game seed: 5678529232608273873

21 Coward the Vexing (level 3, 0/20 HPs)
             Began as a Kobold Arcane Marksman on July 4, 2020.
             Slain by an ufetubus (4 damage)
             ... on level 2 of the Dungeon.
             The game lasted 00:06:09 (415 turns).

Coward the Vexing (Kobold Arcane Marksman)           Turns: 415, Time: 00:06:10

Health: 0/20       AC:  2    Str:  8    XL:     3   Next: 2%
Magic:  4/4        EV: 15    Int: 14    God:
Gold:   63         SH:  0    Dex: 15    Spells: 1/4 levels left

rFire    . . .     SeeInvis .   a - +0 hand crossbow
rCold    . . .     Faith    .   (shield restricted)
rNeg     . . .     Spirit   .   e - +0 robe
rPois    .         Reflect  .   (no helmet)
rElec    .         Harm     .   (no cloak)
rCorr    .                      (no gloves)
MR       .....                  (no boots)
Stlth    +.........             (no amulet)
HPRegen  0.06/turn              (no ring)
MPRegen  0.09/turn              (no ring)

@: no status effects
A: small, carnivore
a: no special abilities


You were on level 2 of the Dungeon.
You were not hungry.

You visited 1 branch of the dungeon, and saw 2 of its levels.

You collected 63 gold pieces.

Inventory:

Hand Weapons
 a - a +0 hand crossbow (weapon)
Missiles
 d - 5 bolts (quivered)
Armour
 e - a +0 robe (worn)
Scrolls
 b - a scroll of amnesia {unknown}
 c - a scroll of enchant weapon {unknown}
 h - a scroll of magic mapping {unknown}
Comestibles
 f - a ration
 g - 3 chunks of flesh


   Skills:
 - Level 1.1 Fighting
 * Level 3.3 Crossbows
 - Level 2.4 Dodging
 + Level 1.3 Spellcasting
 + Level 3.4 Hexes


You had one spell level left.
You knew the following spells:

 Your Spells              Type           Power        Failure   Level  Hunger
a - Corona                Hex            ##.....      6%          1    ##.....
b - Slow                  Hex            ##......     10%         2    ###....

Your spell library contained the following spells:

 Spells                   Type           Power        Failure   Level  Hunger
 Inner Flame              Hex/Fire       #.......     36%         3    ####...
 Portal Projectile        Hex/Tloc       #.....       36%         3    ####...
 Cause Fear               Hex            ##........   54%         4    #####..
 Leda's Liquefaction      Hex/Erth       #.........   77%         4    #####..


Dungeon Overview and Level Annotations

Branches:
Dungeon (2/15)

Altars:


Innate Abilities, Weirdness & Mutations

You are small and have problems with some larger weapons.
You are carnivorous and can eat meat at any time.


Message History

The ufetubus barely misses you. The ufetubus hits you. x2
The ufetubus closely misses you.
Firing (i - inventory)
d - 8 bolts (quivered)
Press: ? - help, Shift-Dir - straight line, f/p - ufetubus
Aim: an ufetubus You shoot a bolt.
The bolt closely misses the ufetubus.
The ufetubus misses you. The ufetubus barely misses you. The ufetubus hits you.
* * * LOW HITPOINT WARNING * * *
The ufetubus closely misses you.
Firing (i - inventory)
d - 7 bolts (quivered)
Press: ? - help, Shift-Dir - straight line, f/p - ufetubus
Aim: an ufetubus You shoot a bolt.
The bolt closely misses the ufetubus.
The ufetubus closely misses you. The ufetubus barely misses you.
The ufetubus closely misses you. x2
Firing (i - inventory)
d - 6 bolts (quivered)
Press: ? - help, Shift-Dir - straight line, f/p - ufetubus
Aim: an ufetubus You shoot a bolt.
The bolt barely misses the ufetubus.
The ufetubus hits you.
You die...

. ##.
###
..#.).
.....
#.#.##
...(#
#.5#
#(@#
####


You could see an ufetubus.

Vanquished Creatures
  A dart slug (D:1)
  A leopard gecko (D:2)
  4 goblins (D:1)
  3 hobgoblins (D:1)
  A ball python (D:1)
  3 bats (D:1)
  A frilled lizard (D:1)
  A kobold (D:1)
  2 leopard gecko zombies (D:1)
  A rat (D:1)
18 creatures vanquished.

Notes
Turn   | Place    | Note
-------+----------+-------------------------------------------
     0 | D:1      | Coward the Kobold Arcane Marksman began the quest for the
                  | Orb.
     0 | D:1      | Reached XP level 1. HP: 12/12 MP: 2/2
   153 | D:1      | Reached XP level 2. HP: 11/16 MP: 3/3
   292 | D:1      | Learned a level 2 spell: Slow
   411 | D:2      | Reached XP level 3. HP: 14/20 MP: 4/4
   415 | D:2      | Slain by an ufetubus

Illustrated notes

Levels and vault maps discovered:
D:1:      saegor_arrival_fortress, layout_rooms, item_on_display_a
D:2:      minmay_spotlight, layout_loops_cross, overflow_temple_1_default,
          chequers_temple_overflow_statue_of_worship, serial_glass,
          glass_columns_c, glass_columns_b, uniq_natasha, uniq_jessica

Skill      XL: |  1  2 |
---------------+-------+-----
Crossbows      | 3 |  3.3
Fighting       | |  1.1
Dodging        | |  2.4
Spellcasting   | |  1.3
Hexes          | |  3.4

Action                   || total
-------------------------++-------
Melee: Hand crossbow     ||     1
 Fire: Hand crossbow     ||    49
 Cast: Corona            ||     3
       Slow              ||     1
Armor: Robe              ||     6
Dodge: Dodged            ||    37

Table legend:
 A = Non-vault XP
 B = Vault XP
 C = Vault XP percentage of total XP
 D = Non-vault monster count
 E = Vault monster count
 F = Vault count percentage of total count
                 A         B        C        D         E       F
            +---------+---------+-------+---------+---------+-------
      Total |      28 |       2 |   6.7 |      16 |       2 |  11.1
            +---------+---------+-------+---------+---------+-------
        D:1 |      25 |       2 |   7.4 |      15 |       2 |  11.8
        D:2 |       3 |       0 |   0.0 |       1 |       0 |   0.0
            +---------+---------+-------+---------+---------+-------
